 Dungeon Crawl Stone Soup version 0.30-a0-613-gdd512c7efb (webtiles) character file.

Game seed: 5896391017693731073

98 wormed the Trooper (level 4, 0/24 HPs)
             Began as a Vine Stalker Fighter on Jan 9, 2023.
             Slain by a goblin
             ... wielding a +0 club
             ... led by Robin
              (5 damage)
             ... on level 3 of the Dungeon.
             The game lasted 00:03:13 (2116 turns).

wormed the Trooper (Vine Stalker Fighter)           Turns: 2116, Time: 00:03:13

Health: 0/24       AC: 16    Str: 21    XL:     4   Next: 69%
Magic:  0/5        EV:  7    Int:  8    God:
Gold:   177        SH:  4    Dex: 13    Spells: 3/3 levels left

rFire   . . .      SeeInvis .    r - +0 whip
rCold   . . .      Faith    .    c - +0 buckler
rNeg    . . .      Spirit   +    x - +0 chain mail
rPois   .          Reflect  .    (no helmet)
rElec   .          Harm     .    (no cloak)
rCorr   .          Rampage  .    q - +2 pair of gloves
Will    .....                    (no boots) Stlth
                                 (no amulet)
HPRegen 1.04/turn                i - +4 ring of protection
MPRegen 0.09/turn                (no ring)

@: lethally poisoned (0 -> -1)
A: fangs 2, regeneration 1, magic shield, antimagic bite, no potion heal 2
a: no special abilities


You were on level 3 of the Dungeon.
You visited 1 branch of the dungeon, and saw 3 of its levels.

You collected 177 gold pieces.

Inventory:

Hand Weapons
 r - a +0 whip (weapon)
Missiles
 a - 3 curare-tipped darts (quivered)
 g - 3 datura-tipped darts
 p - 3 poisoned darts
Armour
 b - a +0 scale mail
 c - a +0 buckler (worn)
 q - a +2 pair of gloves (worn)
 x - a +0 chain mail (worn)
Jewellery
 i - a +4 ring of protection (left hand)
 l - a ring of magical power
Wands
 s - a wand of digging (7)
Scrolls
 f - 5 scrolls of teleportation
 j - a scroll of amnesia
 w - a scroll of identify
Potions
 d - a potion of might
 e - 2 potions of lignification
 h - 3 potions of curing
 k - a potion of attraction {unknown}
 m - 2 potions of cancellation {unknown}
 n - a potion of ambrosia {unknown}
 o - a potion of flight {unknown}
 t - a potion of mutation {unknown}
 u - a potion of berserk rage {unknown}
 v - a potion of haste {unknown}


   Skills:
 + Level 3.2 Fighting
 * Level 3.0 Maces & Flails
 + Level 2.9 Armour
 + Level 3.2 Shields


You had 3 spell levels left.
You didn't know any spells.
Your spell library contained the following spells:

 Spells                   Type           Power      Damage    Failure   Level
 Beastly Appendage        Tmut           0%         N/A       99%         1
 Necrotise                Necr           0%         1d4       99%         1
 Wereblood                Tmut           0%         N/A       100%        2
 Ignite Poison            Fire/Tmut/Pois 0%         N/A       100%        3
 Spider Form              Tmut/Pois      0%         N/A       100%        3
 Vampiric Draining        Necr           0%         2d6       100%        3
 Sticky Flame             Conj/Fire      0%         2d3       100%        4
 Agony                    Necr           0%         N/A       100%        5
 Ignition                 Fire           0%         3d3       100%        8


Dungeon Overview and Level Annotations

Branches:
Dungeon (3/15)

Altars:
Gozag
Trog

Annotations:
D:3 1 runed translucent door, Crazy Yiuf, Robin


Innate Abilities, Weirdness & Mutations

You have extremely sharp teeth.
Your natural rate of healing is unusually fast.
When hurt, damage is shared between your health and your magic reserves.
Your bite disrupts and absorbs the magic of your enemies.
Potions cannot restore your health.


Message History

You barely miss the goblin. You bite the goblin.
You kill the goblin!
You block the goblin's attack.
You hit the goblin.
The goblin is heavily wounded.
You barely miss the goblin. You bite the goblin.
You kill the goblin!
The goblin hits you with a +0 club.
You barely miss the goblin. The goblin hits you with a +0 club.
You miss the goblin. Your bite misses the goblin. The goblin barely misses you.
The goblin hits you but does no damage. You block the goblin's attack.
You hit the goblin.
You kill the goblin!
The goblin hits you but does no damage. The goblin barely misses you.
You hit Robin. You bite Robin. You drain their power.
You feel invigorated.
Robin is heavily wounded.
The goblin closely misses you. Robin throws the goblin at you!
The goblin barely misses you.
You barely miss Robin. Your bite misses Robin.
Robin is heavily wounded.
The goblin hits you but does no damage.
Robin zaps a wand.
The bolt of light hits you!
You are confused.
Ouch! That really hurt!
The goblin hits you but does no damage.
You are too injured to fight recklessly!
You are too injured to fight recklessly!
You are too injured to fight recklessly!
You are too injured to fight recklessly!
You barely miss Robin.
Robin is heavily wounded.
The goblin misses you.
Robin hits you with a +4 dagger of venom.
You are poisoned.
The goblin hits you but does no damage.
You feel less confused.
You feel sick. The goblin hits you with a +0 club.
* * * LOW HITPOINT WARNING * * *
Robin throws the goblin at you! The goblin hits you with a +0 club.
You die...

#..........############
#..........#..........[
#..........#...........
#..........#...........
#..........#.......###.
#..........#.......###. ....
#..........#........... ....
#.....g................ ....
#...g.@....###....#...† ....
#...)..g..........####. ....
......................##.
....#######...................##.
#.#..........................##.
#>.<..#.........................
####.#..##.......................
..............#.####.............
................ ..............


You could see Robin and 2 goblins.

Vanquished Creatures
  An adder (D:2)
  A worm (D:3)
  3 dart slugs
  7 orcs (D:3)
  3 bats (D:2)
  4 endoplasms
  A giant cockroach (D:2)
  14 goblins
  4 hobgoblins
  4 jackals (D:3)
  7 kobolds
  4 quokkas
  4 ball pythons
  A frilled lizard (D:2)
  5 rats
63 creatures vanquished.

Notes
Turn   | Place    | Note
-------+----------+-------------------------------------------
     0 | D:1      | wormed the Vine Stalker Fighter began the quest for the
                  | Orb.
     0 | D:1      | Reached XP level 1. HP: 11/11 MP: 2/2
   142 | D:1      | Reached XP level 2. HP: 16/16 MP: 3/3
   945 | D:2      | Found a bloodstained altar of Trog.
  1177 | D:2      | Reached XP level 3. HP: 19/19 MP: 4/4
  1727 | D:3      | Found an opulent altar of Gozag.
  1783 | D:3      | Found a runed translucent door.
  1784 | D:3      | Noticed Crazy Yiuf
  1834 | D:3      | Gained mutation: Your natural rate of healing is unusually
                  | fast. [Vine Stalker growth]
  1834 | D:3      | Reached XP level 4. HP: 24/24 MP: 5/5
  2104 | D:3      | Noticed Robin
  2116 | D:3      | Slain by a goblin

Illustrated notes

Levels and vault maps discovered:
D:1:      scummos_arrival_simple_crosswalls, layout_loops_corners
D:2:      layout_loops_cross, basic_altar, st_stairs_5
D:3:      layout_basic, nicolae_gozag_cash_rules_everything_around_me,
          uniq_robin, uniq_crazy_yiuf_cottage

Skill      XL: |  1  2  3  4 |
---------------+-------------+-----
Maces & Flails | 2 3 |  3.0
Fighting       | 3 |  3.2
Shields        | 3 |  3.2
Armour         | |  2.9

Action                   |  1- 3 |  4- 6 || total
-------------------------+-------+-------++-------
Melee: Flail             |    62 |       ||    62
       Bite              |    14 |    22 ||    36
       Whip              |    20 |    79 ||    99
  Use: Scroll            |     4 |       ||     4
Armor: Scale mail        |    39 |    13 ||    52
       Chain mail        |       |    20 ||    20
Dodge: Dodged            |    27 |    28 ||    55
Block: Buckler           |    19 |    13 ||    32

Table legend: (Time is in decaauts)
 A = Elapsed time spent in this place.
 B = Non-inter-level travel time spent in this place.
 C = Inter-level travel time spent in this place.
 D = Time resting spent in this place.
 E = Time spent auto-exploring this place.
 F = Levels seen in this place.
 G = Mean time per level.
                   A        B        C        D        E       F      G
               +--------+--------+--------+--------+--------+-----+--------+
         Total |   2137 |   1970 |    167 |      0 |   1544 |   3 |  712.3 |
       Dungeon |   2137 |   1970 |    167 |      0 |   1544 |   3 |  712.3 |
               +--------+--------+--------+--------+--------+-----+--------+

Top non-repeatable levels by time:
     D:1: 955 daAuts
     D:2: 780 daAuts
     D:3: 401 daAuts
